 Dungeon Crawl Stone Soup version 0.27-a0-951-gae3e1deef5 (webtiles) character file.

Game seed: 13275623047055187827

581 jasper the Insei (level 7, -4/48 HPs)
             Began as a Demonspawn Artificer on Apr 11, 2021.
             Was an Initiate of Ashenzari.
             Slain by a hellwing (13 damage)
             ... created by the fury of Makhleb
             ... on level 5 of the Dungeon.
             The game lasted 00:10:37 (6514 turns).

jasper the Insei (Demonspawn Artificer)             Turns: 6514, Time: 00:10:38

Health: -4/48      AC: 16    Str: 12 (13) XL:     7   Next: 13%
Magic:  7/7        EV:  4    Int: 11 (12) God:    Ashenzari [......]
Gold:   1063       SH: 10    Dex: 15      Spells: 6/6 levels left

rFire    + . .     SeeInvis +     - Unarmed
rCold    . . .     Faith    .   m - +0 tower shield
rNeg     . . .     Spirit   .   f - +0 scale mail
rPois    .         Reflect  .   (helmet restricted)
rElec    .         Harm     .   l - +0 cloak
rCorr    .         Rampage  .   k - +2 pair of gloves
Will     .....                  s - +1 pair of boots of Morality {Slay+3 SInv}
Stlth    ..........             (no amulet)
HPRegen  0.16/turn              c - ring of protection from fire
MPRegen  0.10/turn              q - ring of the Gnostic Stars {AC+4, Bglg, Cun} (curse)

@: studying Unarmed Combat
A: antennae 1, demonic guardian 2, foul stench 1
a: Renounce Religion, Shatter the Chains


You were on level 5 of the Dungeon.
You worshipped Ashenzari.
Ashenzari was noncommittal.
You visited 2 branches of the dungeon, and saw 6 of its levels.

You collected 1063 gold pieces.

Inventory:

Hand Weapons
 a - a +1 club
Missiles
 g - 89 stones (quivered)
Armour
 b - a +0 leather armour
 f - a +0 scale mail (worn)
 h - the +2 helmet of Limited Liability {rF- Regen+ Slay+6}
   (You acquired it on level 3 of the Dungeon)

   It affects your accuracy and damage with ranged weapons and melee attacks
   (+6).
   It makes you vulnerable to fire.
   It increases your rate of health regeneration.
 k - a +2 pair of gloves (worn)
 l - a +0 cloak (worn)
 m - a +0 tower shield (worn)
 s - the +1 pair of boots of Morality (worn) {Slay+3 SInv}
   (You acquired it on level 5 of the Dungeon)

   It affects your accuracy and damage with ranged weapons and melee attacks
   (+3).
   It lets you see invisible.
Jewellery
 c - a ring of protection from fire (left hand)
 j - a ring of resist corrosion
 o - a ring of wizardry
 p - a ring of see invisible
 q - the cursed ring of the Gnostic Stars (right hand) {AC+4, Bglg, Cun}
   (You found it on level 4 of the Dungeon)

   [ring of protection]

   It affects your AC (+4).
   It has a curse which improves the following skills: Beguiling: Conjurations,
   Hexes and Translocations.
   Cunning:   Dodging and Stealth.
 r - a ring of ice
 v - a ring of protection from fire
Wands
 d - a wand of charming (5)
 e - a wand of random effects (9)
Scrolls
 n - a scroll of fog
 u - 3 scrolls of teleportation
Potions
 i - a potion of attraction
 t - a potion of brilliance


   Skills:
 - Level 1.0 Fighting
 - Level 1.7 Armour
 - Level 0.8(1.1) Dodging
 - Level 0.8(1.1) Stealth
 + Level 7.9 Unarmed Combat
 - Level 3.0 Evocations


You had 6 spell levels left.
You didn't know any spells.
Your spell library contained the following spells:

 Spells                   Type           Power      Damage    Failure   Level
 Corona                   Hex            0%         N/A       100%        1
 Ensorcelled Hibernation  Hex/Ice        0%         N/A       100%        2
 Confusing Touch          Hex            0%         N/A       100%        3
 Dazzling Flash           Conj/Hex       0%         N/A       100%        3
 Tukima's Dance           Hex            0%         N/A       100%        3


Dungeon Overview and Level Annotations

Branches:
Dungeon (5/15)             Temple (1/1) D:5

Altars:
Ashenzari
Cheibriados
Dithmenos
Elyvilon
Makhleb
Qazlal
Ru
Sif Muna
Vehumet
Wu Jian
Xom
The Shining One

Shops:
D:4 *   D:5 (

Annotations:
D:4 exclusion: statue
D:5 5 runed translucent doors


Innate Abilities, Weirdness & Mutations

You have a pair of small antennae on your head.
A demonic guardian rushes to your aid.
You may rarely emit foul miasma when damaged in melee.


Message History

You closely miss the hellwing. The hellwing hits you.
You emit a cloud of foul miasma!
The hellwing hits you.
You take 5 damage, and have 40/48 hp.
You punch the hellwing!
The hellwing is moderately wounded.
The hellwing hits you!
The hellwing hits you but does no damage. x2
The hellwing barely misses you.
You take 10 damage, and have 30/48 hp.
MASSIVE DAMAGE!!
You hit the hellwing but do no damage.
The hellwing is moderately wounded.
The hellwing hits you. x2
You take 6 damage, and have 24/48 hp.
You closely miss the hellwing.
The hellwing is moderately wounded.
The hellwing hits you!
The hellwing hits you but does no damage.
You take 9 damage, and have 15/48 hp.
You hit the hellwing but do no damage.
The hellwing is moderately wounded.
You block the hellwing's attack.
The hellwing hits you but does no damage.
You block the hellwing's attack. The hellwing barely misses you.
You closely miss the hellwing.
The hellwing is lightly wounded.
The hellwing hits you.
* * * LOW HITPOINT WARNING * * *
The hellwing hits you.
* * * LOW HITPOINT WARNING * * *
A demonic guardian appears!
You take 6 damage, and have 9/48 hp.
The hellwing swoops through the air toward you!
You block the hellwing's attack. x2
Your orange demon barely misses the hellwing.
You swap places.
Your orange demon stings the hellwing.
Your orange demon hits the hellwing but does no damage.
You hit the hellwing.
The hellwing is moderately wounded.
The hellwing hits you!
You die...

#.## ##..#.####)
####..## #..##....##
###......# ##.######...
###........# ##.## ####
#..........# ##..# #
...........# ##..##
...........# ##..##
...........# #####..##
...........###..@....###
#
.........#..#...44.....#
##
...)...................#
##.
..........##...........#
#..
..........##..........##
##.#
#......#..##..........#
#.##
########.############.#
### ### ###


You could see a hellwing (ally target) and a friendly orange demon (summoned).

Vanquished Creatures
  2 black bears
  A necrophage (D:4)
  A scorpion (D:5)
  A centaur zombie (D:5)
  A centaur skeleton (D:5)
  4 gnolls
  4 adders
  A white imp (D:5)
  3 worms
  A dart slug (D:4)
  3 orcs
  2 ball pythons
  2 bats
  12 endoplasms
  4 giant cockroaches
  8 goblins
  5 hobgoblins
  6 jackals
  3 quokkas
  4 frilled lizards
  3 kobolds
  7 rats
78 creatures vanquished.

Vanquished Creatures (collateral kills)
  A hellwing (D:5)
  A ynoxinul (Temple)
  2 gnolls
  A ball python (D:4)
  A goblin (D:3)
  A hobgoblin (D:1)
  3 jackals (D:1)
  A kobold (D:1)
  2 rats
13 creatures vanquished.

Vanquished Creatures (others)
  2 gnolls
  A plant (D:2)
3 creatures vanquished.

Grand Total: 94 creatures vanquished

Notes
Turn   | Place    | Note
-------+----------+-------------------------------------------
     0 | D:1      | jasper the Demonspawn Artificer began the quest for the
                  | Orb.
     0 | D:1      | Reached XP level 1. HP: 15/15 MP: 1/1
    40 | D:2      | Reached skill level 1 in Unarmed Combat
    99 | D:2      | Gained mutation: A weak demonic guardian rushes to your
                  | aid. [demonic ancestry]
    99 | D:2      | Reached XP level 2. HP: 21/21 MP: 2/2
   186 | D:2      | Reached skill level 2 in Unarmed Combat
   193 | D:2      | Gained mutation: You may rarely emit foul miasma when
                  | damaged in melee. [demonic ancestry]
   193 | D:2      | Reached XP level 3. HP: 23/26 MP: 3/3
  1152 | D:1      | Found a faded altar of an unknown god.
  1158 | D:1      | Reached skill level 3 in Unarmed Combat
  1163 | D:1      | Became a worshipper of Makhleb the Destroyer
  1163 | D:1      | Reached * piety under Makhleb
  1761 | D:2      | Found a stormy altar of Qazlal.
  1954 | D:2      | Reached XP level 4. HP: 26/32 MP: 4/4
  2880 | D:3      | Reached ** piety under Makhleb
  2998 | D:3      | Found a shimmering blue altar of Sif Muna.
  2998 | D:3      | Found a shadowy altar of Dithmenos.
  3109 | D:3      | Reached skill level 4 in Unarmed Combat
  3177 | D:3      | Found a sacrificial altar of Ru.
  3187 | D:3      | Fell from the grace of Makhleb
  3187 | D:3      | Became a worshipper of Ru the Awakened
  3296 | D:4      | Noticed a black bear
  3370 | D:4      | Killed a black bear
  3371 | D:4      | Reached XP level 5. HP: 33/37 MP: 5/5
  3726 | D:4      | Noticed a necrophage
  3734 | D:4      | Killed a necrophage
  3735 | D:4      | Reached skill level 5 in Unarmed Combat
  3735 | D:4      | Gained mutation: A demonic guardian rushes to your aid.
                  | [demonic ancestry]
  3735 | D:4      | Reached XP level 6. HP: 43/43 MP: 6/6
  3867 | D:4      | Found a radiant altar of Vehumet.
  3872 | D:4      | Found Wuez's General Store.
  5223 | D:3      | Identified 3 scrolls of acquirement
  5223 | D:3      | Acquired the +2 helmet of Limited Liability {rF- Regen+
                  | Slay+6}
  5225 | D:3      | Acquired 803 gold pieces
  5227 | D:3      | Acquired a manual of Unarmed Combat
  5381 | D:5      | Entered Level 5 of the Dungeon
  5381 | D:5      | Found Apoklaf's Weapon Boutique.
  5427 | D:5      | Found a staircase to the Ecumenical Temple.
  5438 | D:5      | Noticed a hellwing
  5525 | Temple   | Entered the Ecumenical Temple
  5558 | Temple   | Noticed a ynoxinul
  5568 | Temple   | Killed a ynoxinul
  5596 | Temple   | Fell from the grace of Ru
  5596 | Temple   | Became a worshipper of Ashenzari the Shackled
  5671 | D:5      | Killed a hellwing
  5907 | D:5      | Reached skill level 6 in Unarmed Combat
  6102 | D:5      | Acquired the +1 pair of boots of Morality {Slay+3 SInv}
  6112 | D:5      | Reached skill level 7 in Unarmed Combat
  6174 | D:5      | Gained mutation: You have a pair of small antennae on your
                  | head. [demonic ancestry]
  6174 | D:5      | Reached XP level 7. HP: 35/48 MP: 7/7
  6378 | D:5      | Found a runed translucent door.
  6383 | D:5      | Found a runed translucent gate.
  6390 | D:5      | Found a runed translucent gate.
  6390 | D:5      | Found a runed translucent gate.
  6391 | D:5      | Noticed a redback
  6392 | D:5      | Noticed a redback
  6392 | D:5      | Noticed a redback
  6395 | D:5      | Found a runed translucent door.
  6414 | D:5      | Found the +9 staff of Olgreb {rPois∞}
  6500 | D:5      | Noticed a hellwing
  6514 | D:5      | Slain by a hellwing

Illustrated notes

Levels and vault maps discovered:
D:1:      lemuel_arrival_behind_the_door_large, layout_basic,
          basic_ecumenical_altar, amethyst_killhole
D:2:      layout_loops_corners, basic_altar, serial_forest,
          infiniplex_forest_clump_curved, infiniplex_forest_end_2,
          infiniplex_forest_lined_ring, infiniplex_forest_lined_3,
          infiniplex_forest_lined_2, infiniplex_forest_clump_tiny, uniq_robin,
          uniq_crazy_yiuf_cottage
D:3:      layout_loops_ring, nicolae_ru_path_of_blood,
          gammafunk_temple_overflow_elements
D:4:      mumra_celtic_spiral_tile, layout_basic, vehumet_statue, serial_shops,
          shop
D:5:      wander_river, layout_cave_pods, minmay_temple_entry_glass,
          serial_shops, shop, minmay_guarded_unrand_staff_of_olgreb
Temple:   dshaligram_water_room_temple

Skill      XL: |  1  2  3  4  5  6 |
---------------+-------------------+-----
Unarmed Combat | 1 2 3 4 5 7 |  7.9
Fighting       | |  1.0
Armour         | |  1.7
Dodging        | |  0.8
Stealth        | |  0.8
Evocations     | |  3.0

Action                   |  1- 3 |  4- 6 |  7- 9 || total
-------------------------+-------+-------+-------++-------
Melee: Unarmed           |    78 |   225 |    15 ||   318
       Punch             |     1 |     6 |       ||     7
Throw: Stone             |    35 |    40 |       ||    75
Invok: Curse Item        |       |       |     1 ||     1
Evoke: Wand              |    18 |    13 |       ||    31
  Use: Scroll            |     2 |    11 |       ||    13
       Potion            |       |     3 |       ||     3
Armor: Leather armour    |    18 |     2 |       ||    20
       Scale mail        |       |   135 |    11 ||   146
Dodge: Dodged            |    42 |    92 |     4 ||   138
Block: Tower shield      |       |    20 |     9 ||    29

Table legend: (Time is in decaauts)
 A = Elapsed time spent in this place.
 B = Non-inter-level travel time spent in this place.
 C = Inter-level travel time spent in this place.
 D = Time resting spent in this place.
 E = Time spent auto-exploring this place.
 F = Levels seen in this place.
 G = Mean time per level.
                   A        B        C        D        E       F      G
               +--------+--------+--------+--------+--------+-----+--------+
         Total |   6523 |   6356 |    167 |   1894 |   3242 |   6 | 1087.2 |
       Dungeon |   6430 |   6263 |    167 |   1877 |   3205 |   5 | 1286.0 |
        Temple |     92 |     92 |      0 |     17 |     37 |   1 |   92.0 |
               +--------+--------+--------+--------+--------+-----+--------+

Top non-repeatable levels by time:
     D:3: 2216 daAuts
     D:1: 1588 daAuts
     D:5: 1030 daAuts
     D:4: 1016 daAuts
     D:2: 578 daAuts
  Temple: 92 daAuts
